[Event "Titled Tuesday Blitz December 20 Late 2022"]
[White "Gubajdullin, Alexei"]
[Black "Fiorito, Joaquin"]
[WhiteFideId "4141202"]
[BlackFideId "180173"]
[WhiteElo "2674"]
[BlackElo "2535"]
[Result "1-0"]
[Round "07"]
[TimeControl "180+1"]
[Date "2022.12.21"]
[WhiteClock "0:00:29"]
[BlackClock "0:00:59"]

1. d4 Nf6 2. Nf3 d5 3. Bf4 c5 4. e3 Nc6 5. Nbd2 cxd4 6. exd4 a6 7. Bd3 Nb4 8. Ne5 Nxd3+ 9. cxd3 g6 10. Rc1 Bg7 11. Qa4+ Nd7 12. Nxg6 b5 13. Qc2 e5 14. Nxe5 Nxe5 15. dxe5 O-O 16. O-O Bf5 17. Nf3 Qd7 18. Nd4 Rac8 19. Qd2 Bg6 20. Bh6 Qg4 21. Bxg7 Kxg7 22. Rxc8 Rxc8 23. f4 f6 24. h3 Qg3 25. exf6+ Kxf6 26. f5 Bf7 27. Qh6+ Ke7 28. f6+ Kd7 29. Qxh7 Rf8 30. Qg7 Qd6 31. Nf5 Qb8 32. Re1 Kc6 33. Re7 Bh5 34. Re6+ Kc5 35. Qe7+ 1-0


[Site "https://www.chess.com"]

[Event "Titled Tuesday Blitz December 20 Late 2022"]
[White "Guzman Moneo, Alberto"]
[Black "Munoz, Francisco Javier"]
[WhiteFideId "2209616"]
[BlackFideId "128368"]
[WhiteElo "2157"]
[BlackElo "2383"]
[Result "0-1"]
[Round "07"]
[TimeControl "180+1"]
[Date "2022.12.21"]
[WhiteClock "0:00:39"]
[BlackClock "0:00:52"]

1. Nf3 d5 2. g3 f5 3. d4 Nf6 4. Bg2 e6 5. Bf4 Bd6 6. O-O O-O 7. c4 c6 8. Nc3 Bxf4 9. gxf4 Ne4 10. Rc1 Nd7 11. Ne5 Qh4 12. e3 Nxe5 13. dxe5 Kh8 14. Ne2 b6 15. Nd4 Bd7 16. cxd5 cxd5 17. Rc7 Qd8 18. Qc2 Nc5 19. Rxc5 bxc5 20. Qxc5 Qb6 21. Qe7 Rad8 22. b3 Rfe8 23. Qf7 Qc5 24. h4 Qe7 25. Qxe7 Rxe7 26. Rc1 Rc8 27. Rxc8+ Bxc8 28. Nb5 Ba6 29. Nd6 Rc7 30. Bf3 Kg8 31. a4 Bd3 32. b4 Rc1+ 33. Kg2 Rb1 34. b5 Ra1 35. h5 Rxa4 36. h6 g6 37. Ne8 Bxb5 38. Nf6+ Kh8 39. Bd1 Ra1 40. Bb3 Bc4 41. Bc2 a5 42. e4 dxe4 43. Bxe4 fxe4 44. Nxe4 Bd5 45. f5 Bxe4+ 46. Kg3 Bxf5 47. f3 Ra2 48. Kf4 Re2 49. Kg5 Kg8 50. Kf6 Kf8 51. f4 a4 52. Kg5 Kf7 53. Kh4 Re3 54. Kg5 a3 55. Kh4 a2 56. Kg5 a1=Q 57. Kh4 Rh3+ 58. Kg5 Rh5# 0-1


[Site "https://www.chess.com"]

[Event "Titled Tuesday Blitz December 20 Late 2022"]
[White "Hambleton, Aman"]
[Black "Young, Ryan"]
[WhiteFideId "2606577"]
[BlackFideId "2049945"]
[WhiteElo "2538"]
[BlackElo "2446"]
[Result "1-0"]
[Round "07"]
[TimeControl "180+1"]
[Date "2022.12.21"]
[WhiteClock "0:00:10"]
[BlackClock "0:00:15"]

1. d4 Nf6 2. Bf4 d5 3. e3 c5 4. c3 Nc6 5. Nd2 Bf5 6. Qb3 Qd7 7. dxc5 e5 8. Bg3 Bxc5 9. Ngf3 Bd6 10. Bb5 Qe7 11. O-O h6 12. Qa4 Rc8 13. Qxa7 O-O 14. Qa4 g5 15. Rfe1 Kh7 16. a3 Rg8 17. c4 h5 18. cxd5 Nxd5 19. Bxc6 Rxc6 20. e4 Nb6 21. Qb5 Bg6 22. Bxe5 Rc5 23. Qxb6 Bxe5 24. Nxe5 Qxe5 25. Nf3 Qe7 26. Nd4 Re5 27. f3 g4 28. Ne2 gxf3 29. Nf4 Bxe4 30. g3 f2+ 31. Qxf2 h4 32. Re3 hxg3 33. Rxg3 Rg6 34. Nxg6 fxg6 35. Re1 Rg5 36. Rxg5 Qxg5+ 37. Qg3 Qf5 38. h3 Kg7 39. Qc7+ Kh6 40. Qg3 Kg7 41. Qe3 Bc6 42. Qe7+ Kh6 43. Qh4+ Qh5 44. Qxh5+ Kxh5 45. Kf2 g5 46. Kg3 Kg6 47. Re5 Kf6 48. Rc5 Kg6 49. b4 Kf6 50. b5 Be4 51. a4 Kg6 52. a5 Kf6 53. a6 bxa6 54. bxa6 Kg6 55. a7 Kh5 56. h4 Kh6 57. Rxg5 Bc6 58. Kf4 Kh7 59. Ke5 Bb7 60. Kd6 Be4 61. Kc7 Bh1 62. Kb8 Bc6 63. a8=Q Bd7 64. Qe4+ Kh8 65. Qg6 1-0


[Site "https://www.chess.com"]

[Event "Titled Tuesday Blitz December 20 Late 2022"]
[White "Ibadov, Dashgyn"]
[Black "Sielecki, Christof"]
[WhiteFideId "24107514"]
[BlackFideId "4620437"]
[WhiteElo "2208"]
[BlackElo "2443"]
[Result "1/2-1/2"]
[Round "07"]
[TimeControl "180+1"]
[Date "2022.12.21"]
[WhiteClock "0:00:04"]
[BlackClock "0:00:11"]

1. e4 c5 2. Nf3 a6 3. Nc3 b5 4. g3 Bb7 5. Bg2 e6 6. d4 cxd4 7. Nxd4 Nf6 8. a3 d6 9. O-O Qc7 10. Re1 Be7 11. a4 bxa4 12. Rxa4 Nbd7 13. Nb3 O-O 14. Na5 Nc5 15. Ra1 h6 16. Nxb7 Nxb7 17. Qe2 Nc5 18. b3 Nxb3 19. cxb3 Qxc3 20. Bb2 Qxb3 21. e5 dxe5 22. Bxa8 Rxa8 23. Bxe5 a5 24. Reb1 Qd5 25. Rb5 Qd8 26. Ra4 Nd5 27. Rg4 Bf6 28. Kg2 a4 29. Rxa4 Bxe5 30. Qxe5 Rc8 31. Ra7 Qf6 32. Qxf6 Nxf6 33. Rbb7 Rf8 34. f4 g6 35. Kf3 h5 36. h3 Kg7 37. g4 hxg4+ 38. hxg4 Nd5 39. g5 Kg8 40. Ke4 Kg7 41. Ke5 Ne3 42. Rd7 Nf5 43. Rdc7 Ng3 44. Rc6 Kg8 45. Rac7 Nf5 46. Kf6 Ng7 47. Rc8 Nh5+ 48. Ke7 Rxc8 49. Rxc8+ Kg7 50. Rf8 Ng3 51. Rxf7+ Kg8 52. Kxe6 Nh5 53. Ke7 Kh8 54. Rf6 Kg7 55. Rf7+ Kg8 56. f5 gxf5 57. Rxf5 Kg7 58. Ke6 Kg6 59. Rb5 Ng7+ 60. Ke7 Nh5 61. Rc5 Ng7 62. Ra5 Nh5 63. Kf8 Nf4 64. Ke7 Nh3 65. Ke6 Nxg5+ 66. Ke5 Nf7+ 67. Kf4 Kf6 68. Ra6+ Ke7 69. Kf5 Nd6+ 70. Ke5 Nf7+ 71. Kd5 Ng5 72. Rg6 Nf7 73. Rg3 Kf6 74. Rf3+ Ke7 75. Rf5 Nh6 76. Rh5 Nf7 77. Kd4 Kf6 78. Ke4 Kg6 79. Rb5 Kf6 80. Kf4 Ke6 81. Rb6+ Nd6 82. Ra6 Kd5 83. Ke3 Kc5 84. Kd3 Kd5 85. Ra5+ Kc6 86. Kd4 Nb5+ 87. Kc4 Nd6+ 88. Kb4 Nb7 89. Ra6+ Kd5 90. Kb5 Nd6+ 91. Kb6 Ne4 92. Ra1 Kd4 93. Rh1 Ke5 94. Kc6 Nf6 95. Re1+ Ne4 96. Re2 Kd4 97. Rh2 Ke5 98. Rh5+ Kd4 99. Kd7 Nc3 100. Ke6 Ne4 101. Rh4 Ke3 102. Ke5 Ng3 103. Rh3 Kf3 104. Rh8 Kg4 105. Rg8+ Kf3 106. Rg7 Ne4 107. Rf7+ Ke3 108. Rh7 Nd2 109. Rh6 Nf3+ 110. Kf5 Nd4+ 111. Ke5 Nf3+ 112. Kd5 Kf4 113. Rf6+ Ke3 114. Rf7 Nd4 115. Re7+ Kd3 1/2-1/2


[Site "https://www.chess.com"]

[Event "Titled Tuesday Blitz December 20 Late 2022"]
[White "Ibarra Jerez, Jose Carlos"]
[Black "Haydon, David L"]
[WhiteFideId "2226332"]
[BlackFideId "415405"]
[WhiteElo "2638"]
[BlackElo "2318"]
[Result "1-0"]
[Round "07"]
[TimeControl "180+1"]
[Date "2022.12.20"]
[WhiteClock "0:00:46"]
[BlackClock "0:01:17"]

1. e4 c6 2. Nf3 d5 3. d3 Bg4 4. h3 Bxf3 5. Qxf3 e6 6. g3 Bd6 7. Bg2 Nf6 8. O-O Nbd7 9. exd5 cxd5 10. c4 dxc4 11. dxc4 Rb8 12. Rd1 Qc7 13. Nc3 a6 14. Qe2 O-O 15. Bd2 Rfd8 16. Rac1 Ne5 17. c5 Qxc5 18. Ne4 Nxe4 19. Rxc5 Nxc5 20. Bf4 f6 21. Bxe5 Bxe5 22. Rxd8+ Rxd8 23. Qc4 Rd1+ 24. Kh2 Bd4 25. Bf3 Rd2 26. b4 Nd3 27. Qxd4 Ne1 28. Qe3 Nxf3+ 29. Qxf3 Rxa2 30. Kg2 b5 31. Qc6 Re2 32. Qxa6 Re5 33. f4 1-0


[Site "https://www.chess.com"]

[Event "Titled Tuesday Blitz December 20 Late 2022"]
[White "Janaszak, Dawid"]
[Black "Itkis, Boris"]
[WhiteFideId "1119206"]
[BlackFideId "1209167"]
[WhiteElo "2220"]
[BlackElo "2216"]
[Result "0-1"]
[Round "07"]
[TimeControl "180+1"]
[Date "2022.12.21"]
[WhiteClock "0:00:06"]
[BlackClock "0:00:28"]

1. e4 e5 2. Nf3 Nc6 3. d4 exd4 4. Nxd4 Nf6 5. Nxc6 bxc6 6. e5 Qe7 7. Qe2 Nd5 8. h4 Rb8 9. c4 Ba6 10. g3 g6 11. h5 Bg7 12. f4 h6 13. hxg6 fxg6 14. Qe4 Qb4+ 15. Nd2 Ne7 16. a3 Qb7 17. Bh3 c5 18. Qxb7 Bxb7 19. O-O Nf5 20. Kh2 O-O 21. Nb3 d6 22. exd6 cxd6 23. Na5 Be4 24. Re1 Rfe8 25. Ra2 Nd4 26. Bg2 Bxg2 27. Rxe8+ Rxe8 28. Kxg2 Re2+ 29. Kf1 Rc2 30. Be3 Nf5 31. Bf2 Bd4 32. Bxd4 cxd4 33. g4 Ne3+ 34. Ke1 d3 0-1


[Site "https://www.chess.com"]

[Event "Titled Tuesday Blitz December 20 Late 2022"]
[White "Jaracz, Pawel"]
[Black "Lazavik, Denis"]
[WhiteFideId "1102222"]
[BlackFideId "13515110"]
[WhiteElo "2460"]
[BlackElo "2484"]
[Result "0-1"]
[Round "07"]
[TimeControl "180+1"]
[Date "2022.12.20"]
[WhiteClock "0:00:02"]
[BlackClock "0:00:05"]

1. e4 c5 2. Nf3 e6 3. d4 cxd4 4. Nxd4 Nc6 5. Nc3 Qc7 6. Be2 a6 7. O-O Nf6 8. Be3 Be7 9. f4 d6 10. Qe1 O-O 11. Qg3 Nxd4 12. Bxd4 b5 13. a3 Bb7 14. Rae1 Rad8 15. Kh1 Bc6 16. Bd3 Rd7 17. Nd5 exd5 18. exd5 Bxd5 19. Rxe7 Nh5 20. Qg5 Rxe7 21. Qxd5 g6 22. Qg5 f6 23. Qh6 f5 24. c3 d5 25. Qg5 Ref7 26. Qh4 Qd8 27. Qf2 Nf6 28. Bc2 Re8 29. Bb3 Re4 30. h3 h5 31. Rd1 Kh7 32. Be5 Rd7 33. Qh4 Ng8 34. Qg3 Nh6 35. Qf2 Nf7 36. Bd4 Qe7 37. Rd2 Re1+ 38. Kh2 Re4 39. Bc2 Re6 40. Bc5 Qe8 41. Bb3 Qd8 42. Bd4 Re4 43. Bc2 Re6 44. a4 Nd6 45. axb5 axb5 46. Rd1 Ne4 47. Qe3 Rde7 48. Be5 Nf6 49. Qd4 Ne4 50. Bb3 Rd7 51. Bxd5 Ree7 52. Bf6 Nxf6 53. Qxf6 Qh8 54. Qg5 Qd8 55. Qf6 Qh8 56. Qg5 Qg7 57. b3 Rc7 58. c4 bxc4 59. bxc4 Rcd7 60. Rd3 Rc7 61. Rg3 Qh6 62. Qf6 Qg7 63. Qd6 Red7 64. Qe6 Re7 65. Qd6 Rcd7 66. Qb6 h4 67. Rg5 Re1 68. Qc6 Ree7 69. Be6 Rc7 70. Qd5 Qf6 71. Bxf5 gxf5 72. Rxf5 Qe6 73. Rh5+ Kg7 74. Rg5+ Kf7 75. Rf5+ Ke8 76. Qa8+ Rc8 77. Qa4+ Qc6 78. Rb5 Rg7 79. Re5+ Kf8 80. Qc2 Rf7 81. Qg6 Qxg6 0-1


[Site "https://www.chess.com"]

[Event "Titled Tuesday Blitz December 20 Late 2022"]
[White "Jeet, Jain"]
[Black "De Souza, Cristiano Gomes"]
[WhiteFideId "5073022"]
[BlackFideId "2151758"]
[WhiteElo "2067"]
[BlackElo "2068"]
[Result "0-1"]
[Round "07"]
[TimeControl "180+1"]
[Date "2022.12.21"]
[WhiteClock "0:01:39"]
[BlackClock "0:02:22"]

1. d4 Nf6 2. Nf3 g6 3. c4 Bg7 4. Nc3 d6 5. e4 O-O 6. Be2 e5 7. O-O Nc6 8. d5 Ne7 9. b4 Nh5 10. g3 f5 11. Ng5 Nf6 12. exf5 Bxf5 13. Ne6 Bxe6 14. dxe6 c6 15. Rb1 Nf5 16. Ne4 Nxe4 17. Bd3 Nc3 18. Qc2 Nxb1 19. Qxb1 Qe7 20. c5 d5 21. a4 Qxe6 22. b5 e4 23. Bc2 Nd4 24. Bd1 Qh3 25. f4 exf3 26. Be3 Ne2+ 0-1


[Site "https://www.chess.com"]

[Event "Titled Tuesday Blitz December 20 Late 2022"]
[White "Jobava, Baadur"]
[Black "Han, Yichen"]
[WhiteFideId "13601520"]
[BlackFideId "1054430"]
[WhiteElo "2582"]
[BlackElo "2323"]
[Result "1-0"]
[Round "07"]
[TimeControl "180+1"]
[Date "2022.12.20"]
[WhiteClock "0:00:56"]
[BlackClock "0:00:02"]

1. e4 e5 2. f4 exf4 3. d4 Qh4+ 4. Ke2 d5 5. Nf3 Bg4 6. exd5 Nf6 7. Nc3 Bb4 8. Kd3 Qh5 9. Qe1+ Kd8 10. Qe5 Bxf3 11. Bxf4 Bd6 12. Qxh5 Bxh5 13. Bg5 Be7 14. Re1 Na6 15. Kc4 Kd7 16. g3 Rae8 17. Bh3+ Bg4 18. Bg2 Kc8 19. Rhf1 h6 20. Bd2 Bd7 21. a3 Nb8 22. b4 a6 23. a4 Bd6 24. Rb1 Bg4 25. Kd3 Nbd7 26. a5 Bh5 27. b5 axb5 28. Nxb5 Be2+ 29. Kc3 Bxb5 30. Rxb5 b6 31. Kd3 bxa5 32. Rxa5 Nb6 33. c4 Be7 34. Rb1 Rd8 35. c5 Nfxd5 36. Bh3+ Kb8 37. c6 Bf6 38. Bd7 Ne7 39. Rxb6+ cxb6 40. Bf4+ Be5 41. Bxe5# 1-0


[Site "https://www.chess.com"]

[Event "Titled Tuesday Blitz December 20 Late 2022"]
[White "Joubert, Dantelle"]
[Black "Silvestre, Christian"]
[WhiteFideId "14310813"]
[BlackFideId "30956269"]
[WhiteElo "1507"]
[BlackElo "2425"]
[Result "0-1"]
[Round "07"]
[TimeControl "180+1"]
[Date "2022.12.21"]
[WhiteClock "0:01:19"]
[BlackClock "0:01:57"]

1. d4 e5 2. dxe5 Nc6 3. Nf3 Qe7 4. Nc3 Nxe5 5. Nxe5 Qxe5 6. g3 Nf6 7. Bg2 Bb4 8. Bd2 O-O 9. O-O c6 10. e4 d6 11. a3 Bc5 12. Bf4 Qh5 13. b4 Bg4 14. Qd2 Bb6 15. Bxd6 Bh3 16. e5 Ng4 17. Bf3 Bxf1 18. Kxf1 Nxh2+ 19. Kg2 Nxf3 0-1


[Site "https://www.chess.com"]

[Event "Titled Tuesday Blitz December 20 Late 2022"]
[White "Keymer, Vincent"]
[Black "Kazakouski, Valery"]
[WhiteFideId "12940690"]
[BlackFideId "13507443"]
[WhiteElo "2600"]
[BlackElo "2516"]
[Result "1-0"]
[Round "07"]
[TimeControl "180+1"]
[Date "2022.12.20"]
[WhiteClock "0:00:16"]
[BlackClock "0:00:01"]

1. Nf3 d5 2. e3 Nf6 3. c4 e6 4. Nc3 dxc4 5. Bxc4 a6 6. e4 b5 7. Bb3 c5 8. d4 cxd4 9. Nxd4 Bb7 10. O-O Bc5 11. Be3 Nbd7 12. e5 Nxe5 13. Nxe6 Qxd1 14. Nxg7+ Kf8 15. Bxc5+ Kxg7 16. Raxd1 Rhe8 17. Rfe1 Nfd7 18. Bd4 Kg8 19. Re3 Ng6 20. Nd5 Rxe3 21. Bxe3 Nde5 22. h3 Rc8 23. f4 Nc4 24. Bxc4 Rxc4 25. f5 Bxd5 26. Rxd5 Ne7 27. Re5 Nc6 28. Re8+ Kg7 29. Bd2 b4 30. Rc8 Rc2 31. Bg5 h6 32. Bf4 h5 33. Bg5 a5 34. b3 Kh7 35. Kh2 Kg7 36. Kg3 Rc3+ 37. Kh4 Nd4 38. f6+ Kg6 39. Rg8+ Kf5 40. Kxh5 Rg3 41. h4 Rxg2 42. Rd8 Ne6 43. Rd5+ Ke4 44. Rxa5 Nd4 45. Kh6 Nf5+ 46. Kh7 Rg4 47. Rb5 1-0


[Site "https://www.chess.com"]

[Event "Titled Tuesday Blitz December 20 Late 2022"]
[White "Kleinman, Michael"]
[Black "Brodowski, Piotr"]
[WhiteFideId "2609479"]
[BlackFideId "1124480"]
[WhiteElo "2287"]
[BlackElo "2351"]
[Result "1-0"]
[Round "07"]
[TimeControl "180+1"]
[Date "2022.12.21"]
[WhiteClock "0:01:30"]
[BlackClock "0:02:09"]

1. e4 c5 2. Nf3 d6 3. d4 cxd4 4. Qxd4 Nf6 5. Bb5+ Nc6 6. Nc3 Bd7 7. Qd3 a6 8. Bxc6 Bxc6 9. Bg5 e6 10. O-O-O Be7 11. Kb1 b5 12. Nd4 Bb7 13. a3 Qc7 14. f4 O-O 15. f5 e5 16. Bxf6 Bxf6 17. Nf3 Rfd8 18. Nd5 Bxd5 19. Qxd5 Rac8 20. Rd2 Qb6 21. g4 h6 22. h4 b4 23. axb4 Qxb4 24. g5 Be7 25. f6 gxf6 26. gxh6 Qc4 27. Rg1+ Kh8 28. Rg7 Qf1+ 29. Rd1 Qxf3 30. Rdg1 Rxc2 31. Rh7+ Kxh7 32. Qxf7+ 1-0


[Site "https://www.chess.com"]

[Event "Titled Tuesday Blitz December 20 Late 2022"]
[White "Koutlas, Nikolaos"]
[Black "Haszon, David"]
[WhiteFideId "25827138"]
[BlackFideId "733610"]
[WhiteElo "2167"]
[BlackElo "2210"]
[Result "1-0"]
[Round "07"]
[TimeControl "180+1"]
[Date "2022.12.21"]
[WhiteClock "0:00:08"]
[BlackClock "0:00:02"]

1. g3 d5 2. Bg2 g6 3. d3 Bg7 4. Nf3 e5 5. O-O Ne7 6. e4 dxe4 7. dxe4 O-O 8. Be3 b6 9. Nbd2 Ba6 10. Re1 Nbc6 11. c3 Qc8 12. Bf1 Bxf1 13. Kxf1 Rd8 14. Qa4 a6 15. Rad1 b5 16. Qc2 Qe6 17. Nb3 Qc4+ 18. Qe2 Qe6 19. Ng5 Qf6 20. Nc5 h6 21. h4 Bf8 22. Nf3 Rd6 23. Nd7 Qe6 24. Rxd6 cxd6 25. Nb6 Rb8 26. b3 Nc8 27. Nd5 N8e7 28. Rd1 Nxd5 29. exd5 Qd7 30. dxc6 Qxc6 31. Rc1 Rc8 32. Kg1 Bg7 33. Nd2 d5 34. b4 d4 35. Nb3 dxe3 36. Qxe3 f5 37. Nc5 Rf8 38. Rd1 f4 39. Qe4 Qxe4 40. Nxe4 Rc8 41. Rd6 Rc4 42. f3 fxg3 43. Rxa6 Rc8 44. Rxg6 Ra8 45. Rxg3 Kh7 46. Rg2 h5 47. Nd6 Rd8 48. Nxb5 Rd1+ 49. Kh2 e4 50. f4 e3 51. Kg3 Rf1 52. Re2 Rg1+ 53. Kf3 Rh1 54. Rxe3 Rxh4 55. Re7 Rh3+ 56. Ke4 Rh1 57. Kf5 h4 58. Nd4 Kh6 59. Re6+ Kh7 60. Nf3 1-0


[Site "https://www.chess.com"]

[Event "Titled Tuesday Blitz December 20 Late 2022"]
[White "Kravtsiv, Martyn"]
[Black "Barria Zuniga, Daniel"]
[WhiteFideId "14113147"]
[BlackFideId "3400816"]
[WhiteElo "2695"]
[BlackElo "2414"]
[Result "1-0"]
[Round "07"]
[TimeControl "180+1"]
[Date "2022.12.20"]
[WhiteClock "0:00:05"]
[BlackClock "0:00:02"]

1. e4 c5 2. Nf3 Nc6 3. d4 cxd4 4. Nxd4 e6 5. Nc3 a6 6. Be2 Na5 7. O-O b5 8. e5 Bb7 9. Bf3 Qc7 10. Re1 Rc8 11. Ne4 Qxe5 12. Bg5 Bxe4 13. Qd2 Nc4 14. Rxe4 Nxd2 15. Rxe5 Nxf3+ 16. Nxf3 f6 17. Re2 fxg5 18. Nxg5 Nf6 19. Rd1 h6 20. Nf3 Be7 21. Ne5 O-O 22. g3 Rfd8 23. Kg2 d6 24. Nd3 e5 25. c3 a5 26. h3 Kf7 27. g4 g5 28. a3 e4 29. Nc1 d5 30. Nb3 a4 31. Nd4 Bc5 32. Nf5 h5 33. f3 exf3+ 34. Kxf3 hxg4+ 35. hxg4 Re8 36. Rh2 Re4 37. Rdh1 Rf4+ 38. Ke2 Re8+ 39. Kd1 Nxg4 40. Rh7+ Kf6 41. Ng7 Nf2+ 42. Kc1 Nxh1 43. Nxe8+ Kg6 44. Rc7 Be3+ 45. Kc2 g4 46. Kd3 Bf2 47. Rg7+ Kh6 48. Rg8 Bh4 49. Rh8+ Kg5 50. Rg8+ Kf5 51. Ng7+ Ke5 52. Re8+ Kd6 53. Re6+ Kd7 54. Rh6 Be7 55. Rxh1 Rf2 56. Rg1 Rxb2 57. Rxg4 Bxa3 58. Nf5 Bc5 59. Rg7+ Ke6 60. Ng3 a3 61. Rg6+ Kd7 62. Ra6 a2 63. Ne2 b4 64. cxb4 Bxb4 65. Nc1 Rh2 66. Nxa2 Bc5 67. Nc3 Rh3+ 68. Kc2 d4 69. Ne4 Bb4 70. Nf6+ Kc7 71. Nd5+ Kc8 72. Nxb4 Kb7 73. Rd6 Rc3+ 74. Kb2 Rh3 75. Rxd4 Kb6 76. Nd3 Kc6 77. Kc3 Kc7 78. Rd5 Kb6 79. Kc4 Kc6 80. Nb4+ Kb6 81. Rd6+ Kc7 82. Rg6 Kd7 83. Nd5 Rh1 84. Kd4 Ke8 85. Rg7 Kf8 86. Rd7 Rh4+ 87. Ke5 Rh5+ 88. Ke6 Rh1 89. Nf4 Rf1 90. Ke5 Ke8 91. Ra7 Re1+ 92. Kf6 Kd8 93. Ne6+ Kc8 94. Ke7 Kb8 95. Rd7 Kc8 96. Rc7+ Kb8 97. Rc4 Kb7 98. Kd7 Kb6 99. Rb4+ Ka5 100. Rb8 Ka4 101. Nc5+ Ka3 102. Kd6 Rd1+ 103. Kc6 Rh1 104. Kd5 Ka2 105. Kc4 Rc1+ 106. Kd4 Rh1 107. Kc3 Rh3+ 108. Nd3 Ka1 109. Rb6 Rg3 110. Rb5 Rh3 111. Kd2 Rh2+ 112. Kc1 Rh1+ 113. Kc2 Rh2+ 114. Kc3 Rh3 115. Ra5+ Kb1 116. Rf5 Rg3 117. Rf1+ Ka2 118. Re1 Rg2 119. Nb4+ Ka3 120. Ra1+ Ra2 121. Rxa2# 1-0


[Site "https://www.chess.com"]

[Event "Titled Tuesday Blitz December 20 Late 2022"]
[White "Krishnan, Varun"]
[Black "Movahed, Sina"]
[WhiteFideId "5054508"]
[BlackFideId "42520835"]
[WhiteElo "2606"]
[BlackElo "2225"]
[Result "1-0"]
[Round "07"]
[TimeControl "180+1"]
[Date "2022.12.20"]
[WhiteClock "0:00:09"]
[BlackClock "0:00:01"]

1. d4 Nf6 2. c4 g6 3. Nf3 Bg7 4. g3 O-O 5. Bg2 d6 6. O-O Nbd7 7. b3 e5 8. dxe5 dxe5 9. Bb2 e4 10. Nd4 e3 11. fxe3 Ng4 12. Qd2 Qe7 13. Nc3 Qxe3+ 14. Qxe3 Nxe3 15. Nd5 Nxf1 16. Nxc7 Ne3 17. Nxa8 Nxg2 18. Kxg2 b5 19. Nc7 bxc4 20. bxc4 Bb7+ 21. Nd5 Nb6 22. e4 Nxc4 23. Bc3 Bxd5 24. exd5 Ne3+ 25. Kf3 Nxd5 26. Bb2 Rb8 27. Nc6 Rxb2 28. Rd1 Nb4 29. Rd8+ Bf8 30. Ne5 Kg7 31. Rd7 Kf6 32. Nxf7 Nc6 33. h4 Rxa2 34. Ke4 Re2+ 35. Kf3 Re7 36. Rd6+ Kxf7 37. Rxc6 Rb7 38. Ra6 Bc5 39. g4 Bb6 40. h5 gxh5 41. gxh5 Kg7 42. Ra2 Kh6 43. Kg4 Rg7+ 44. Kf5 Rg5+ 45. Kf6 Rxh5 46. Re2 Rh3 47. Rg2 Rf3+ 48. Ke6 Rg3 49. Rxg3 Kh5 50. Kf5 Kh4 51. Rg4+ Kh3 52. Rg5 Kh4 53. Rg4+ Kh5 54. Rg2 Kh6 55. Kf6 Kh5 56. Rh2+ Kg4 57. Rxh7 Kf4 58. Ke6 Ke4 59. Kd6 Kd4 60. Rh4+ Kc3 61. Kc6 Bd4 62. Kd5 Bb6 63. Rc4+ Kb3 64. Re4 a5 65. Kc6 Bf2 66. Kb5 a4 67. Rb4+ Kc3 68. Rxa4 Be3 69. Rc4+ Kd3 70. Ra4 Bd4 71. Kc6 Ke4 72. Rc4 Ke5 73. Rc2 Ke4 74. Kb5 Kd5 75. Rd2 Ke4 76. Kc4 Be3 77. Rd8 Bf4 78. Re8+ Be5 79. Kc5 Kf5 80. Kd5 Bf6 81. Rf8 Kg6 82. Ke6 Bg5 83. Rg8+ Kh6 84. Kf5 Bc1 85. Rg6+ Kh7 86. Kf6 Bb2+ 87. Kf7 Bc1 88. Rg1 Bh6 89. Rh1 1-0


[Site "https://www.chess.com"]

[Event "Titled Tuesday Blitz December 20 Late 2022"]
[White "Lacasa Diaz, Jose Antonio"]
[Black "Veiga, Jose Francisco R P Neves"]
[WhiteFideId "2203375"]
[BlackFideId "1930087"]
[WhiteElo "2338"]
[BlackElo "2320"]
[Result "1-0"]
[Round "07"]
[TimeControl "180+1"]
[Date "2022.12.21"]
[WhiteClock "0:00:22"]
[BlackClock "0:00:55"]

1. e4 Nc6 2. Nf3 e5 3. Bb5 Nge7 4. Nc3 g6 5. d4 exd4 6. Nd5 Bg7 7. Bg5 h6 8. Bf6 Bxf6 9. Nxf6+ Kf8 10. Qd2 Kg7 11. Nxd4 Kxf6 12. Qc3 Ne5 13. f4 d6 14. Nf3 Kg7 15. fxe5 dxe5 16. Nxe5 f6 17. O-O Qd6 18. Nd3 Rf8 19. e5 Qb6+ 20. Kh1 Nd5 21. exf6+ Kh7 22. Qa3 Bf5 23. Bc4 Be4 24. Nc5 Nxf6 25. Nxe4 Rae8 26. Nxf6+ Rxf6 27. Rxf6 Qxf6 28. h3 Qd4 29. Bd3 c5 30. Rf1 Re7 31. Qxa7 Qxb2 32. Qxc5 Rg7 33. Qd6 Qxa2 34. h4 h5 35. Qe5 Kh6 36. Qg5+ 1-0


[Site "https://www.chess.com"]

[Event "Titled Tuesday Blitz December 20 Late 2022"]
[White "Li, Hui"]
[Black "Perske, Thore"]
[WhiteFideId "15400310"]
[BlackFideId "12902195"]
[WhiteElo "1954"]
[BlackElo "2336"]
[Result "0-1"]
[Round "07"]
[TimeControl "180+1"]
[Date "2022.12.21"]
[WhiteClock "0:00:01"]
[BlackClock "0:00:08"]

1. e4 e6 2. d4 d5 3. Nd2 c5 4. exd5 exd5 5. Ngf3 a6 6. Be2 Nf6 7. O-O Be7 8. dxc5 Bxc5 9. Nb3 Bb6 10. Bd3 O-O 11. Re1 Nc6 12. Be3 Bc7 13. Bg5 h6 14. Bh4 g5 15. Bg3 Bb6 16. Ne5 Nxe5 17. Bxe5 Ng4 18. Bd4 Bxd4 19. Nxd4 Qf6 20. Qd2 Bd7 21. c3 Rfe8 22. Nf3 Bc6 23. h3 Ne5 24. Nxe5 Rxe5 25. Rxe5 Qxe5 26. Re1 Qf6 27. Be2 Re8 28. Bf3 Rxe1+ 29. Qxe1 Qf4 30. Qe3 Qxe3 31. fxe3 f5 32. Kf2 Kf7 33. g3 Kf6 34. Ke2 Ke5 35. a3 Bb5+ 36. Kf2 b6 37. Bh5 a5 38. Bf3 Bd3 39. Bh5 Kd6 40. h4 Kc5 41. hxg5 hxg5 42. Be8 Bc2 43. Ke1 Kc4 44. Kd2 Be4 45. Ba4 Kc5 46. Bd1 Kd6 47. b4 Ke5 48. Be2 Bb1 49. Bf3 Ba2 50. Bg2 Bc4 51. Bf3 Kd6 52. Bh5 Ke6 53. Be8 Ke5 54. Bg6 Ba2 55. Kd3 Bb1+ 56. Kd2 Be4 57. Bf7 Kd6 58. Be8 Kc7 59. Ba4 Kd6 60. Bd1 Ke5 61. Be2 Kf6 62. Bd1 Kg6 63. Be2 Kf7 64. c4 Ke6 65. cxd5+ Kxd5 66. Kc3 Ke5 67. Bd1 Bd5 68. Kd3 Bc6 69. Bb3 Bb5+ 70. Kd2 Ke4 71. Bc2+ Kf3 72. Bxf5 Kxg3 73. e4 Kf4 74. Bh3 Kxe4 75. Bg2+ Kd4 76. bxa5 bxa5 77. Kc1 Kc3 78. Kb1 Bc4 79. Ka1 Kb3 80. a4 Kxa4 81. Kb2 Kb4 82. Bf3 a4 83. Bg4 a3+ 84. Ka1 Kc3 85. Bf3 Kd4 86. Bh5 Ke3 87. Bg4 Be2 88. Be6 Kf4 89. Ka2 Bg4 90. Bd5 Bf5 91. Kxa3 g4 92. Kb2 g3 93. Kc1 Be4 0-1


[Site "https://www.chess.com"]

[Event "Titled Tuesday Blitz December 20 Late 2022"]
[White "Liu, Kelsey"]
[Black "Piliczewski, Bogusz"]
[WhiteFideId "30944481"]
[BlackFideId "1104144"]
[WhiteElo "2299"]
[BlackElo "1896"]
[Result "1-0"]
[Round "07"]
[TimeControl "180+1"]
[Date "2022.12.21"]
[WhiteClock "0:00:02"]
[BlackClock "0:00:01"]

1. e4 c6 2. d4 d5 3. e5 c5 4. dxc5 e6 5. Be3 Ne7 6. Bd3 Nbc6 7. f4 Qa5+ 8. Nd2 Nb4 9. Bf2 Ng6 10. Nh3 Bxc5 11. O-O Bxf2+ 12. Rxf2 Nxd3 13. cxd3 O-O 14. Nb3 Qb6 15. Kh1 Bd7 16. d4 Ba4 17. Rf3 Rac8 18. Qd2 Rc4 19. Nc5 Bc6 20. b3 Rxc5 21. dxc5 Qxc5 22. Rc1 Qb6 23. Rg3 a5 24. Ng5 Ra8 25. Nf3 a4 26. Nd4 axb3 27. Rxb3 Qa7 28. Nxc6 bxc6 29. Rxc6 Qxa2 30. Qxa2 Rxa2 31. Rc8+ Nf8 32. h3 g5 33. Rbb8 gxf4 34. Rxf8+ Kg7 35. Rg8+ Kh6 36. Rbf8 Re2 37. Rxf7 Rxe5 38. Rf6+ Kh5 39. Rg4 Re1+ 40. Kh2 e5 41. Rf5+ Kh6 42. Rf6+ Kh5 43. Rg7 d4 44. Rxh7+ Kg5 45. Rf8 Kg6 46. Rhh8 d3 47. Rhg8+ Kh7 48. Rh8+ Kg7 49. Rhg8+ Kh7 50. Rd8 Re3 51. Rg4 f3 52. gxf3 Rxf3 53. Rg3 Rf2+ 54. Rg2 Rf3 55. Kg1 Rxh3 56. Rd2 e4 57. Rd4 Re3 58. Kf2 Rf3+ 59. Ke1 Re3+ 60. Kf2 Rf3+ 61. Kg2 Re3 62. Rd6 Kg7 63. Kf2 Rf3+ 64. Ke1 Re3+ 65. Kd1 Rf3 66. Ke1 Re3+ 67. Kf1 Rf3+ 68. Rf2 Re3 69. Rg2+ Kf7 70. Rf2+ Ke7 71. Rd4 Ke6 72. Rf8 Ke5 73. Rfd8 Rf3+ 74. Ke1 Re3+ 75. Kd1 Rf3 76. R8d5+ Kf4 77. Kd2 Rf2+ 78. Kc3 Rc2+ 79. Kb3 Ke3 80. Rd8 1-0


[Site "https://www.chess.com"]